[Event "Late-Titled-Tuesday-Blitz-June-04-2024"]
[Site "Chess.com"]
[Date "2024.06.04"]
[Round "5"]
[White "frederiksvane"]
[Black "Shankland"]
[Result "0-1"]
[WhiteElo "2896"]
[BlackElo "2976"]
[TimeControl "180+1"]
[EndTime "14:56:17 PDT"]
[Termination "Shankland won by resignation"]

1. c4 c6 2. Nf3 d5 3. e3 Nf6 4. b3 Bg4 5. Bb2 e6 6. Be2 Bd6 7. O-O O-O 8. Nc3 Nbd7 9. h3 Bh5 10. d4 Qe7 11. Qc2 Rad8 12. Rfe1 Rfe8 13. e4 Bg6 14. Bd3 dxc4 15. bxc4 e5 16. Ne2 exd4 17. Nexd4 Ne5 18. Nf5 Bxf5 19. Bxe5 Bxe5 20. exf5 Bxa1 21.
Rxe7 Rxe7 22. g4 Nd7 23. c5 Ne5 24. Nxe5 Rxe5 25. Bc4 Bd4 26. Qb3 Rd7 27. Kg2 Rxc5 28. Ba6 h5 29. Bc4 b5 30. Be2 a5 31. Bf3 a4 32. Qd3 Rd8 33. Qe4 Bf6 34. gxh5 Rc4 35. Qe2 c5 36. Bc6 Rcd4 37. Bxb5 Rd2 38. Qe4 Bd4 39. h6 Rxf2+ 40. Kg3 Rd2 41. hxg7 Bxg7 42.
Bc4 Bf6 43. Qg4+ Kf8 44. Qh5 R8d7 45. Qh6+ Ke7 46. Qe3+ Kd8 47. Bb5 R7d6 48. Qe8+ Kc7 49. Qxf7+ Kb6 50. Bc4 a3 51. Qe8 R2d4 52. Qb5+ Kc7 53.
Qxc5+ Kd8 54. Qa5+ Ke7 55. Qc7+ Kf8 56. Qc8+ Rd8 57.
Qc5+ Kg7 58. Be2 Re4 59. Bf3 Rd3 60. Qc7+ Re7 61. Qc4 Ree3 62. Qg4+ Kf8 63. Qb4+ Be7 64. Qb8+ Kg7 65. Qf4 Bd6 66. f6+ Kf7 0-1

[Event "Late-Titled-Tuesday-Blitz-June-04-2024"]
[Site "Chess.com"]
[Date "2024.06.04"]
[Round "5"]
[White "Onthequiet"]
[Black "BerlinDrawer"]
[Result "0-1"]
[WhiteElo "2420"]
[BlackElo "2578"]
[TimeControl "180+1"]
[EndTime "14:56:18 PDT"]
[Termination "BerlinDrawer won by resignation"]

1. e4 c6 2. d4 Na6 3. Bxa6 Qa5+ 4.
Nd2 Qxa6 5. Ne2 d5 6. e5 Bf5 7. Ng3 Bg6 8. Nf3 e6 9. Nh4 c5 10. Nxg6 hxg6 11. Be3 cxd4 12. Bxd4 Ne7 13. Qe2 Qxe2+ 14. Kxe2 Nc6 15. c3 Be7 16. f4 f6 17. Kd3 O-O-O 18. h3 Rh4 19. Ne2 g5 20. g3 Rh7 21. exf6 gxf6 22. fxg5 fxg5 23. b4 e5 24. b5 Nxd4 25. cxd4 e4+ 26. Ke3 Kd7 27. Raf1 Ke6 28.
Rc1 Bd6 29. h4 Rdh8 30. Rcg1 gxh4 31. gxh4 Rxh4 32. Rxh4 Rxh4 33. Rg6+ Ke7 34. Rg7+ Kf6 35. Rxb7 Rh3+ 36. Kd2 Ra3 37. Rd7 Ke6 38. Rh7 Rxa2+ 39. Ke3 Ra3+ 40. Kd2 Bb4+ 41. Kc2 Ra2+ 42. Kb3 Rxe2 43.
Kxb4 Ra2 44. Rh5 Rb2+ 45. Kc5 Rc2+ 46. Kb4 Rc4+ 47. Ka5 Rxd4 48. Rh7 e3 49. Rxa7 Rd2 50. Kb4 e2 51. Ra8 Kd7 52. Ra7+ Kd6 53. Ra6+ Ke5 54.
Ra8 Kd4 55. Re8 Kd3 56. Kc5 Rb2 57. b6 d4 58. Rd8 Ke3 59. Re8+ Kd2 60. Rxe2+ Kxe2 61. Kxd4 Rxb6 62. Kc5 Rh6 0-1

[Event "Late-Titled-Tuesday-Blitz-June-04-2024"]
[Site "Chess.com"]
[Date "2024.06.04"]
[Round "5"]
[White "Cuchulin"]
[Black "Romkachess"]
[Result "0-1"]
[WhiteElo "2276"]
[BlackElo "2515"]
[TimeControl "180+1"]
[EndTime "14:56:18 PDT"]
[Termination "Romkachess won on time"]

1. d4 Nf6 2. Bf4 d5 3. e3 e6 4.
Nf3 c5 5. Nc3 a6 6. Be2 Nc6 7.
O-O b5 8. dxc5 Bxc5 9. a4 b4 10. Nb1 Bb7 11. Nbd2 O-O 12. Nb3 Bd6 13. Bxd6 Qxd6 14.
Nfd4 e5 15. Nxc6 Bxc6 16. Bf3 Rad8 17. Qe2 Bd7 18. g3 Bh3 19. Rfd1 e4 20. Bg2 Bg4 21. f3 exf3 22. Bxf3 Bxf3 23. Qxf3 Qe5 24. Nd4 Rc8 25. Rd2 Ne4 26. Re2 Rfe8 27. Rf1 Rc7 28. Qf5 g6 29.
Qxe5 Rxe5 30. Rd1 Re8 31. Nf3 Rc5 32. Nd4 Nd6 33. Nb3 Rcc8 34. Rxd5 Nc4 35. Rd4 Nxe3 36. Rxb4 Nxc2 37. Rxe8+ Rxe8 38. Rb6 Re2 39. Rxa6 Nb4 40. Ra8+ Kg7 41. a5 Rxb2 42. Nc5 Rc2 43. Nd7 Ra2 44. Ne5 Kf6 45. Nc4 Kg5 46. h3 h5 47. Ra7 f6 48.
Nd6 h4 49. Nf7+ Kf5 50. gxh4 Nc6 51. Rc7 Nxa5 52. Rc5+ Kf4 53. h5 gxh5 54. Rxh5 Kg3 55. Kf1 Nc4 56. Nh6 Ne3+ 57. Ke1 Kf3 58. Rf5+ Nxf5 59.
Nxf5 Kf4 60. Nd4 Ke3 61. Nf5+ Ke4 62. Ng3+ Kf3 63. Nf5 Ra5 64. Nd4+ Ke4 65. Nc6 Ra1+ 66. Ke2 f5 67. Kf2 f4 68. Nb4 Ra4 69. Nc6 Ra2+ 70.
Ke1 f3 0-1

[Event "Late-Titled-Tuesday-Blitz-June-04-2024"]
[Site "Chess.com"]
[Date "2024.06.04"]
[Round "5"]
[White "Zhigalko_Sergei"]
[Black "ZverevLev"]
[Result "1/2-1/2"]
[WhiteElo "2905"]
[BlackElo "2659"]
[TimeControl "180+1"]
[EndTime "14:56:20 PDT"]
[Termination "Game drawn by repetition"]

1. e4 e5 2. Nf3 Nc6 3. Bc4 Bc5 4. b4 Bxb4 5. c3 Ba5 6. d4 exd4 7. O-O Nge7 8. Ng5 Ne5 9. Nxf7 Nxf7 10. Bxf7+ Kxf7 11.
Qh5+ g6 12. Qxa5 d5 13. cxd4 c6 14. Qa3 dxe4 15. Nc3 Bf5 16. Bg5 h6 17. Bh4 g5 18.
Bg3 Nd5 19. Nd1 Re8 20. Ne3 Nxe3 21. fxe3 Kg6 22. Be5 Rf8 23. Rf2 h5 24. Raf1 Qd7 25. h3 h4 26. Qb4 Rf7 27. a4 a5 28. Qb6 Raf8 29. Qc5 Qd5 30. Qa3 Rc8 31. Rb2 c5 32. Rc2 b6 33. Qc3 Rff8 34. Qd2 cxd4 35. Rxc8 Rxc8 36.
Bxd4 Rg8 37. Qb2 Rb8 38. Rd1 b5 39. Kh1 b4 40. Qc2 Rb7 41. Bb2 Qe6 42. Qc5 Rd7 43. Rd4 Rxd4 44. Qxd4 Qf7 45. Qe5 g4 46. hxg4 Bxg4 47.
Kh2 Bf5 48. Qxa5 h3 49. gxh3 Qd7 50. Qe5 Qd2+ 51. Kg1 Qe1+ 52. Kg2 Qe2+ 53. Kh1 Qf1+ 54. Kh2 Qxh3+ 55. Kg1 Qxe3+ 56. Kh2 Qf2+ 57. Kh1 Qf3+ 58. Kh2 Qh3+ 59. Kg1 Qe3+ 60. Kh2 Qe2+ 61. Kg1 Qg4+ 62. Kf2 Qf3+ 63. Kg1 Qe3+ 1/2-1/2

[Event "Late-Titled-Tuesday-Blitz-June-04-2024"]
[Site "Chess.com"]
[Date "2024.06.04"]
[Round "5"]
[White "The_Sherman_Variation"]
[Black "DeTimmerman"]
[Result "0-1"]
[WhiteElo "2595"]
[BlackElo "2773"]
[TimeControl "180+1"]
[EndTime "14:56:22 PDT"]
[Termination "DeTimmerman won on time"]

1. e4 e5 2. d4 exd4 3. Qxd4 Nc6 4. Qe3 Nf6 5. Bd2 Bb4 6. a3 Bxd2+ 7. Nxd2 O-O 8.
O-O-O Re8 9. f4 Nxe4 10. Nxe4 d5 11. Nf6+ gxf6 12. Qg3+ Kh8 13. Bd3 Rg8 14. Qh4 f5 15.
Qxd8 Nxd8 16. g3 c5 17. Nf3 Kg7 18. Rhe1 Be6 19. c3 Kf6 20. Bc2 Nc6 21. Rd2 Rad8 22.
b4 d4 23. cxd4 cxb4 24. axb4 Nxb4 25. Bb1 Rc8+ 26. Kb2 a5 27. Re5 b6 28. d5 Bd7 29.
Nd4 Rge8 30. Rde2 Red8 31. Nxf5 Bb5 32. Rd2 h5 33. Nd4 Bc4 34. Rf5+ Kg7 35. Rg5+ Kf8 36. Rxh5 Bxd5 37. Nf5 f6 38. Rh6 Kf7 39. Rh7+ Kg8 40. Ne7+ Kf8 41. Bf5 Ra8 42. Ng6+ Kg8 43. Ne7+ Kf8 44.
Re2 Bf7 45. Rh8+ Kg7 46. Rh4 Nd3+ 47. Bxd3 Rxd3 48. Nf5+ Kg8 49. Nh6+ Kg7 50. Re7 Rf8 51. Nf5+ Kg6 52. g4 Rb3+ 53. Kc2 Rc8+ 54. Kd2 Rb2+ 55. Ke3 Rc3+ 56. Kd4 Rc4+ 57. Kd3 Rb3+ 58. Kd2 Rb2+ 59. Kd1 Rxf4 60. Rh6+ Kg5 61. Ke1 Rxf5 62. gxf5 Kxh6 63. Rxf7 Kg5 64. Kd1 Rxh2 65. Rb7 Rb2 66. Kc1 Rb5 67. Ra7 Kxf5 0-1

[Event "Late-Titled-Tuesday-Blitz-June-04-2024"]
[Site "Chess.com"]
[Date "2024.06.04"]
[Round "5"]
[White "Chess_Star1234"]
[Black "Oleg_Papayan"]
[Result "0-1"]
[WhiteElo "2418"]
[BlackElo "2574"]
[TimeControl "180+1"]
[EndTime "14:56:22 PDT"]
[Termination "Oleg_Papayan won by checkmate"]

1. d4 d5 2. c4 dxc4 3. Nf3 Nf6 4. e3 e6 5. Bxc4 a6 6. O-O b5 7. Bb3 Bb7 8. Nc3 c5 9. Qe2 cxd4 10. exd4 Be7 11.
Rd1 O-O 12. Bg5 Nbd7 13. d5 Nxd5 14. Bxd5 Bxd5 15. Bxe7 Bxf3 16. Bxd8 Bxe2 17. Rxd7 Rfxd8 18. Rxd8+ Rxd8 19. Nxe2 Rd2 20. Kf1 Rxb2 21. f3 g5 22. Nc3 f5 23. Rd1 Rc2 24. Rd3 Kf7 25.
a3 Kf6 26. Ne2 Ra2 27. Nd4 h5 28. h3 e5 29. Kg1 exd4 30. Rxd4 Rxa3 31. Rd6+ Ke5 32.
Rh6 h4 33. Rg6 Kf4 34. Rd6 Kg3 35. Rd1 Ra2 36. f4 Rxg2+ 37. Kh1 Rh2+ 38. Kg1 Re2 39. fxg5 Kxh3 40. Rd3+ Kg4 41. g6 Re6 42. g7 Rg6 43. Rd7 Kh5+ 44. Kf2 Kh6 45. Kf3 Rxg7 46. Rd6+ Rg6 47. Rd5 Kg5 48. Rd8 h3 49. Ra8 h2 50.
Kg2 Kf4+ 51. Kxh2 Kf3 52. Rf8 f4 53. Rf5 Ke3 54. Kh3 f3 55. Re5+ Kf2 56. Rf5 Ke2 57. Kh2 f2 58. Re5+ Kf1 59. Rf5 Rg4 60. Rf6 Ke2 61. Re6+ Kf3 62. Rf6+ Rf4 63. Rg6 f1=Q 64. Rg3+ Ke4 65. Rg4 Qf2+ 66. Rg2 Qxg2+ 67. Kxg2 Rf3 68. Kh1 b4 69. Kg1 b3 70. Kg2 b2 71. Kh2 b1=Q 72.
Kg2 Qc2+ 73. Kh1 Rb3 74. Kg1 Rb1# 0-1

[Event "Late-Titled-Tuesday-Blitz-June-04-2024"]
[Site "Chess.com"]
[Date "2024.06.04"]
[Round "5"]
[White "jk13"]
[Black "Kapitan_Bayan"]
[Result "1-0"]
[WhiteElo "2674"]
[BlackElo "2380"]
[TimeControl "180+1"]
[EndTime "14:56:26 PDT"]
[Termination "jk13 won by resignation"]

1. e4 c5 2. c3 Nf6 3. e5 Nd5 4. Bc4 Nb6 5. Bb3 d5 6. exd6 Qxd6 7. Nf3 Be6 8. O-O Bxb3 9. axb3 e6 10. Na3 Nc6 11. d4 cxd4 12. Nb5 Qd7 13. Nbxd4 Nxd4 14. Nxd4 Be7 15. Qf3 O-O 16. Rd1 Qd5 17. Qxd5 Nxd5 18.
Nf5 Bc5 19. b4 Bb6 20. Nd6 Rab8 21. Bd2 Rfd8 22. Nc4 a6 23. Nxb6 Nxb6 24. b3 Rd3 25. Be1 Rbd8 26. Rxd3 Rxd3 27. Kf1 h5 28. Ke2 Rd7 29.
c4 f6 30. Ra5 Kf7 31. Rxh5 f5 32. Bc3 Nc8 33. Rh8 Nd6 34. f3 Ne8 35. h4 Rc7 36. Be5 Rc6 37. h5 Rb6 38. Bc3 Rc6 39. h6 gxh6 40. Rxh6 b5 41. c5 a5 42. Rh7+ Kg6 43.
Rb7 axb4 44. Bxb4 Nf6 45. Rxb5 Nd5 46. Bd2 Nc7 47. Ra5 e5 48. b4 Kf6 49. Be3 f4 50. Bf2 Nd5 51. b5 Rc8 52. c6 Ke6 53. Ra7 Kd6 54. Rd7+ Ke6 55. Rb7 Nc3+ 56. Kd3 Na4 57. Kc4 Kd6 58. Be1 Nb2+ 59. Kb3 Nd3 60. Bb4+ Kd5 61.
Rd7+ Ke6 62. Rxd3 Kf5 63. Rd6 e4 64. Kc4 e3 65. b6 e2 66. b7 e1=Q 67. Bxe1 Re8 68.
c7 Re2 69. c8=Q+ Kg5 70. Rd5+ Re5 71. Rxe5+ Kf6 72. Qf5+ 1-0

[Event "Late-Titled-Tuesday-Blitz-June-04-2024"]
[Site "Chess.com"]
[Date "2024.06.04"]
[Round "5"]
[White "Maus7"]
[Black "andrejljepic"]
[Result "1/2-1/2"]
[WhiteElo "2560"]
[BlackElo "2426"]
[TimeControl "180+1"]
[EndTime "14:56:28 PDT"]
[Termination "Game drawn - insufficient material"]

1. e4 c5 2. Nf3 Nc6 3. d4 cxd4 4.
Nxd4 g6 5. Nc3 Bg7 6. Be3 Nf6 7. Bc4 Qa5 8. O-O O-O 9. Bb3 d6 10. h3 Bd7 11. Re1 Rfe8 12. Qd3 Ne5 13. Qf1 Nc6 14. Rad1 Nxd4 15. Bxd4 Bc6 16. e5 dxe5 17. Rxe5 Qc7 18.
Qc4 e6 19. Ree1 Rac8 20. Nb5 Bxb5 21. Qxb5 a6 22. Qg5 Nh5 23. Bxg7 Kxg7 24. Rd3 h6 25.
Qd2 Nf6 26. Rd1 e5 27. Qe3 Re7 28. Rd6 Ne8 29. Rb6 Qc5 30. Qxc5 Rxc5 31. Rd8 Nf6 32. Rb8 Rcc7 33. Rd6 Red7 34. Rxd7 Rxd7 35. c4 Ne4 36. Rc8 Rd2 37. c5 Nxf2 38. Rc7 Nd3 39. Rxf7+ Kh8 40.
Rxb7 Nxc5 41. Rb8+ Kg7 42. Bc4 e4 43. Rc8 Nd3 44.
Re8 Nxb2 45. Bxa6 Rd4 46. Bb7 Ra4 47. Bxe4 Rxa2 48. Re6 Ra1+ 49. Kh2 g5 50. Rg6+ Kf7 51. Rxh6 Nc4 52. Bd5+ Kg7 53. Re6 Nd2 54. Re2 Nf1+ 55. Kg1 Ng3+ 56. Kf2 Nxe2 57. Kxe2 Ra5 58. Bf3 Kf6 59.
Kf2 Ke5 60. Kg3 Kf6 61. Kh2 Ra4 62. Bd5 Rb4 63. Bf3 Ke5 64. Bc6 Kf4 65. Bf3 Ke3 66.
Bc6 Kf2 67. Bd5 Rf4 68. Bc6 Rh4 69. Bd7 Rh6 70. Bg4 Rh8 71. Bf3 Ra8 72. Bg4 Ra1 73. Bf3 Rg1 74. Bg4 Re1 75. Bf3 Re3 76. Bg4 Rg3 77.
Bf3 Rxf3 78. gxf3 Kxf3 79. h4 gxh4 80. Kh3 Kf4 81. Kxh4 1/2-1/2

[Event "Late-Titled-Tuesday-Blitz-June-04-2024"]
[Site "Chess.com"]
[Date "2024.06.04"]
[Round "5"]
[White "Darkbluelord"]
[Black "Attacker_2006"]
[Result "1-0"]
[WhiteElo "2131"]
[BlackElo "2492"]
[TimeControl "180+1"]
[EndTime "14:56:54 PDT"]
[Termination "Darkbluelord won by resignation"]

1. e4 e5 2. Nf3 Nc6 3. d4 exd4 4. Bc4 Nf6 5. e5 d5 6. Bb5 Ne4 7. Nxd4 Bd7 8. Bxc6 bxc6 9. O-O Bc5 10. f3 Ng5 11. f4 Ne6 12. Be3 O-O 13. Kh1 Nxd4 14. Bxd4 Bxd4 15.
Qxd4 Bf5 16. Qc5 Qd7 17. Nd2 Rab8 18. b3 Rb5 19. Qxa7 Bxc2 20. Rac1 Bf5 21. Nf3 Be4 22.
Qf2 Bxf3 23. Qxf3 Ra8 24. Rf2 Rba5 25. a4 Rb8 26. f5 d4 27. f6 g6 28. Qf4 Qd8 29.
e6 Rf5 30. Qh6 Rxf6 31. exf7+ Kxf7 32. Qxh7+ Ke6 33. Re1+ Kd6 34. Rd2 c5 35. Qh3 Qf8 36. Qg3+ Kc6 37. h3 Rd8 38. Rde2 Rf1+ 39. Kh2 Rxe1 40.
Rxe1 d3 41. Re6+ Rd6 42. Re1 d2 43. Rd1 Qf5 44. Qe3 Qd5 45. Qe8+ Kb6 46. Qb8+ Qb7 47. Qe8 c6 48. Qe2 Qd7 49. Qc4 Rd4 50. a5+ Kb7 51. Qxc5 Qc7+ 52. Kh1 Rd5 53. Qb4+ Kc8 54. Qf8+ Rd8 55.
Qc5 Qf4 56. Qxc6+ Kb8 57. Qb6+ Kc8 58. Qc6+ Kb8 59. a6 Qc7 60. Qxc7+ Kxc7 61. Kg1 Kb6 62. Kf2 Kxa6 63. Ke2 Kb5 64. Rxd2 Re8+ 65. Kf3 Kb4 66. Rd3 Rf8+ 67. Kg4 Rf2 68. g3 Rf1 69. Rf3 Rd1 70. Kg5 Rd6 71. h4 Rc6 72. g4 Kb5 73. Rf6 Rc5+ 74.
Kxg6 Kb4 75. Rb6+ Kc3 76. h5 Rc4 77. g5 Rg4 78. h6 Rh4 79. h7 Kd4 80. Rc6 Kd5 81.
Rc8 1-0

[Event "Late-Titled-Tuesday-Blitz-June-04-2024"]
[Site "Chess.com"]
[Date "2024.06.04"]
[Round "5"]
[White "Rud_Makarian"]
[Black "TigrVShlyape"]
[Result "0-1"]
[WhiteElo "2981"]
[BlackElo "2921"]
[TimeControl "180+1"]
[EndTime "14:57:02 PDT"]
[Termination "TigrVShlyape won on time"]

1. d4 d5 2. c4 c6 3. Nf3 Nf6 4.
Nc3 a6 5. g3 Bf5 6. Nh4 Bg6 7.
Nxg6 hxg6 8. Qd3 e6 9. Bg2 Nbd7 10. O-O Be7 11. e3 O-O 12. Rd1 b5 13. b3 Nb6 14. c5 Nbd7 15. e4 dxe4 16. Nxe4 Nxe4 17.
Bxe4 Rc8 18. Be3 Nf6 19. Bf3 Nd5 20. Bd2 Bf6 21. h4 Qd7 22. Re1 Rfd8 23. Rad1 Qc7 24.
Kg2 Rd7 25. Re4 Rcd8 26. Rh1 Ne7 27. Bf4 Qc8 28. h5 Rxd4 29. Qe2 Rxe4 30. Bxe4 g5 31. Bd6 Nf5 32. Bxf5 exf5 33. Re1 Bc3 34. Rc1 Re8 35.
Qf3 b4 36. Rd1 a5 37. Kg1 g4 38. Qd3 Qe6 39. Bf4 Qe2 40. Qxe2 Rxe2 41. Rd6 Rxa2 42. Rxc6 Bd4 43. Rc8+ Kh7 44. c6 a4 45. c7 Rc2 46. bxa4 Bxf2+ 47. Kf1 Bb6 48. Ke1 b3 49.
Kd1 Rc4 50. Rb8 Bxc7 51. Bxc7 Rxc7 52. Rxb3 Ra7 53. Ra3 Kh6 54. a5 Kxh5 55. a6 g5 56. Ke2 f4 57. Kf2 f5 58. Ra5 fxg3+ 59. Kxg3 f4+ 60.
Kg2 Kh4 61. Ra4 g3 62. Ra5 g4 63. Kg1 f3 64. Ra1 Kg5 65. Ra5+ Kf4 66. Ra4+ Kf5 67. Ra5+ Ke4 68. Ra4+ Ke3 69. Ra3+ Kd2 70. Ra2+ Kc3 71. Ra4 g2 72. Rxg4 Rxa6 73. Rg3 Ra1+ 74. Kf2 Rf1+ 75. Ke3 g1=Q+ 76. Ke4 Qxg3 77. Kf5 Re1 78.
Kf6 f2 79. Kf7 Kd4 80. Kf8 Kd5 81. Kf7 Kd6 82. Kf8 Kd7 0-1

[Event "Late-Titled-Tuesday-Blitz-June-04-2024"]
[Site "Chess.com"]
[Date "2024.06.04"]
[Round "5"]
[White "Mops_2004"]
[Black "Szparu"]
[Result "1-0"]
[WhiteElo "2804"]
[BlackElo "2975"]
[TimeControl "180+1"]
[EndTime "14:57:02 PDT"]
[Termination "Mops_2004 won by resignation"]

1. g3 e5 2. c4 c6 3. Nf3 e4 4. Nd4 d5 5. cxd5 Nf6 6. Bg2 cxd5 7. d3 exd3 8. Qxd3 Nc6 9. O-O Be7 10. Nc3 h6 11. Bf4 O-O 12. Rad1 Bg4 13. h3 Bh5 14.
Qb5 a6 15. Qxb7 Na5 16. Qc7 Rc8 17. Qxd8 Rfxd8 18. Be5 Nc4 19. Bxf6 Bxf6 20. Nxd5 Nxb2 21. Nxf6+ gxf6 22. Rb1 Na4 23. Nc6 Re8 24. e3 Nc3 25. Rb2 Bd1 26. Nd4 Rc7 27. Rb6 Ne2+ 28. Kh2 Nc3 29.
Rxf6 Rb8 30. Rxa6 Rb2 31. a3 Ba4 32. Rxh6 Nb5 33. Nxb5 Bxb5 34. Rb6 Rcc2 35. Rg1 Rxf2 36. a4 Bxa4 37. Rxb2 Rxb2 38. g4 Re2 39. e4 Re3 40. Rf1 Bc6 41. Rf4 Kg7 42. Kg1 Re2 43. Rf2 Re3 44.
Rf4 Re2 45. h4 Kf8 46. g5 Kg7 47. Kf1 Rb2 48. h5 Bb5+ 49. Kg1 Bc6 50. Rf6 Bd7 51.
h6+ Kg8 52. Kf1 Be6 53. Rf4 Bc4+ 54. Kg1 Kh7 55. Rf6 Be6 56. Bf3 Rb4 57. Kf2 Rb5 58. g6+ fxg6 59. Rxe6 Kxh6 60. Ke3 Kg7 61. Rc6 Rb3+ 62.
Kf4 g5+ 63. Kg4 Kf7 64. e5 Re3 65. e6+ Ke7 66. Bd5 Re5 67. Rc7+ Ke8 68. Rd7 Kf8 69. Kh5 Ke8 70. Kg4 Kf8 71. Bb3 Ke8 72. Rd3 Ke7 73. Rf3 Re4+ 74. Kxg5 Re5+ 75. Kf4 Rb5 76. Rd3 Rb4+ 77. Ke3 Rh4 78. Kd2 Rh2+ 79. Kc3 Rh8 80.
Rd7+ Ke8 81. Rb7 Rh3+ 82. Kb4 Rh4+ 83. Bc4 Rh1 84. Kc5 Rd1 85. Bd5 Rc1+ 86. Kd6 Rc8 87. Bc6+ Kf8 88. e7+ Kg8 89. e8=Q+ 1-0

[Event "Late-Titled-Tuesday-Blitz-June-04-2024"]
[Site "Chess.com"]
[Date "2024.06.04"]
[Round "5"]
[White "ansko1999"]
[Black "FXDon77"]
[Result "0-1"]
[WhiteElo "2638"]
[BlackElo "2870"]
[TimeControl "180+1"]
[EndTime "14:57:10 PDT"]
[Termination "FXDon77 won by checkmate"]

1. c4 Nf6 2. Nf3 e6 3. d4 d5 4.
g3 Be7 5. Bg2 O-O 6. O-O dxc4 7.
Qc2 a6 8. a4 Bd7 9. Qxc4 Bc6 10. Bg5 Bd5 11. Qc2 Be4 12. Qc4 Nc6 13. Rd1 Nb4 14. Nc3 Bc2 15. Rd2 b5 16. Nxb5 axb5 17. Qxb5 Be4 18. Bxf6 gxf6 19. Qh5 f5 20. h4 Bf6 21.
Ng5 Bxg5 22. hxg5 Qe7 23. g4 Bxg2 24. Kxg2 f6 25. g6 hxg6 26. Qxg6+ Qg7 27. Qxg7+ Kxg7 28. gxf5 exf5 29. b3 Kf7 30. Rc1 Nd5 31. Rc5 Ke6 32.
Rc6+ Kd7 33. Rc5 c6 34. Rdc2 Rfc8 35. Kf3 Rab8 36. Rb2 Rb4 37. Rc4 Rcb8 38. Rxb4 Rxb4 39. e3 Kc7 40. Ke2 Nc3+ 41. Kd3 Nxa4 42. Ra2 Nb6 43. Ra3 Nd5 44. Kc2 Rb8 45. Ra7+ Kd6 46. Rh7 Rg8 47.
Rh5 Ke6 48. Rh2 Rg1 49. Kd3 Rb1 50. Kc2 Ra1 51. Kb2 Rf1 52. Kc2 f4 53. e4 Nb4+ 54.
Kc3 Na6 55. Kd3 Nc7 56. Kc4 Kd6 57. Rh6 Ke7 58. Rh7+ Kd6 59. Rh6 Rxf2 60. e5+ Kd7 61. Rxf6 Nd5 62. Rf7+ Ke6 63. Rf8 Rc2+ 64. Kd3 Rc3+ 65.
Kd2 Rxb3 66. Re8+ Kd7 67. Rf8 Rh3 68. Ke2 f3+ 69. Rxf3 Rxf3 70. Kxf3 Ke6 71. Ke4 Ne7 72. Ke3 Kd5 73. Kd3 Nf5 74. e6 Kxe6 75. Kc4 Kd6 76. Kc3 Ne3 77. Kd3 Nd5 78. Kc4 Nc7 79. Kb4 Kd5 80. Kc3 Nb5+ 81. Kb4 Nxd4 82. Kc3 c5 83. Kd3 c4+ 84. Kd2 Kc5 85. Kc3 Nb5+ 86. Kb2 Kb4 87. Ka2 c3 88. Kb1 Kb3 89. Ka1 Nd4 90. Kb1 c2+ 91. Ka1 c1=Q# 0-1

[Event "Late-Titled-Tuesday-Blitz-June-04-2024"]
[Site "Chess.com"]
[Date "2024.06.04"]
[Round "5"]
[White "xakevicius91"]
[Black "Bugcrusher"]
[Result "0-1"]
[WhiteElo "2554"]
[BlackElo "2439"]
[TimeControl "180+1"]
[EndTime "14:57:25 PDT"]
[Termination "Bugcrusher won on time"]

1. e4 e6 2. d4 d5 3. Nd2 Nf6 4. e5 Nfd7 5. Bd3 c5 6. c3 Nc6 7. Ne2 cxd4 8. cxd4 f6 9. exf6 Nxf6 10. Nf3 Bd6 11.
O-O O-O 12. Bf4 Bxf4 13. Nxf4 Ne4 14. Ne2 Ng5 15. Nxg5 Qxg5 16. Rc1 Bd7 17. Bb1 Qf6 18.
Qd3 h6 19. a3 Be8 20. Qh7+ Kf7 21. b4 a6 22. a4 Rd8 23. b5 axb5 24. axb5 Nxd4 25. Nxd4 Qxd4 26. Rc7+ Rd7 27. Rc8 Ke7 28. Rcc1 Kd6 29. Rcd1 Qf6 30. Qd3 Rc7 31. Qa3+ Kd7 32. Bd3 Bh5 33. b6 Rc6 34. Rc1 Rxc1 35. Qxc1 Rc8 36. Qa3 Qe7 37. Bb5+ Kd8 38. Qg3 Be8 39.
Bd3 g5 40. h3 Qc5 41. Re1 Qxb6 42. Qe5 Qc7 43. Qf6+ Qe7 44. Qxh6 Bd7 45. Bf5 Rc6 46.
Qh8+ Kc7 47. Bg4 Qd8 48. Qe5+ Kc8 49. Ra1 Ra6 50. Rc1+ Rc6 51. Ra1 Ra6 52. Rc1+ Rc6 53. Rxc6+ bxc6 54. Bxe6 Bxe6 55. Qxe6+ Qd7 56. Qe5 d4 57.
Qxg5 d3 58. Qd2 Qd4 59. Kf1 c5 60. Ke1 c4 61. Qa5 Qe4+ 62. Kf1 Qe2+ 63. Kg1 d2 64. Qc5+ Kb7 65. Qb5+ Kc7 66. Qc5+ Kd7 67. Qb5+ Kd6 68. Qb6+ Kd5 69. Qd8+ Ke4 70. Qe7+ Kd3 71. Qh7+ Qe4 72.
Qd7+ Kc2 73. Qa4+ Kc1 74. Qa3+ Kb1 75. Qb4+ Ka2 76. Qxd2+ Kb3 77. Qd1+ Kb2 78. Qd2+ Kb3 79. Qd1+ Qc2 80. Qd8 c3 81. Qb6+ Ka2 82. Qa5+ Kb1 83. Qb4+ Qb2 84. Qe4+ c2 85. h4 Ka2 86. Qd5+ Qb3 87.
Qd2 Kb1 0-1

[Event "Late-Titled-Tuesday-Blitz-June-04-2024"]
[Site "Chess.com"]
[Date "2024.06.04"]
[Round "5"]
[White "Crasyhealer"]
[Black "Lennis93"]
[Result "1/2-1/2"]
[WhiteElo "2534"]
[BlackElo "2731"]
[TimeControl "180+1"]
[EndTime "14:57:30 PDT"]
[Termination "Game drawn by 50-move rule"]

1. d4 Nf6 2. c4 c5 3. d5 e6 4. Nc3 exd5 5. cxd5 d6 6. e4 a6 7. a4 g6 8. Nf3 Bg7 9. Bd3 O-O 10. O-O Bg4 11. h3 Bxf3 12. Qxf3 Nbd7 13. Bf4 Qe7 14. Qg3 Ne8 15. a5 Rc8 16. Rfe1 c4 17. Bc2 Ne5 18. Ra4 Rc5 19. Be3 Rc8 20. f4 Nd3 21. Bxd3 cxd3 22. Bd4 Bxd4+ 23. Rxd4 Rc5 24. Qxd3 Rxa5 25. b4 Ra3 26. Qd2 Qc7 27. Rc1 Qb6 28. Kh2 Nc7 29. Rc4 Nb5 30. Qb2 Rxc3 31. R1xc3 Nxc3 32. Qxc3 Qf2 33. e5 b5 34. Re4 dxe5 35.
fxe5 Qf5 36. Qd4 Rc8 37. Rf4 Rc4 38. Rxf5 Rxd4 39. Rf6 Rxd5 40. Rxa6 Rxe5 41. Rb6 h5 42. Kg3 Kg7 43. Kf4 f6 44. Rb7+ Kh6 45. Rb6 g5+ 46. Kf3 Kg6 47. g4 hxg4+ 48. hxg4 Rd5 49. Ke4 Re5+ 50.
Kf3 Kf7 51. Rb7+ Kf8 52. Rb8+ Ke7 53. Rb7+ Ke8 54. Rb6 f5 55. gxf5 Rxf5+ 56. Kg4 Rf4+ 57. Kxg5 Rxb4 58. Rb7 Kd8 59. Kf5 Kc8 60. Re7 Rb1 61.
Rh7 Re1 62. Kf4 Kb8 63. Kf3 Re6 64. Rh5 Rb6 65. Ke3 b4 66. Kd2 Kb7 67. Kc2 Rg6 68.
Kb3 Rg4 69. Rb5+ Kc6 70. Rxb4 Rg3+ 71. Kc2 Kc5 72. Rh4 Rg2+ 73. Kd3 Rg3+ 74. Ke4 Rc3 75. Rh8 Rc4+ 76. Ke5 Kb4 77. Rb8+ Kc3 78. Rg8 Ra4 79. Rg3+ Kd2 80. Rg2+ Ke3 81. Rb2 Ra5+ 82. Kd6 Kd4 83. Rh2 Ra6+ 84. Kc7 Kc5 85. Rh5+ Kc4 86. Rh4+ Kd5 87.
Kb7 Rg6 88. Rh5+ Kd6 89. Rh1 Rg2 90. Rd1+ Kc5 91. Rc1+ Kb5 92. Kc7 Rd2 93. Rb1+ Kc5 94. Rh1 Rd5 95. Ra1 Rd2 96. Ra5+ Kb4 97. Rh5 Rc2+ 98.
Kb6 Rb2 99. Rb5+ Kc3 100. Kc5 Rh2 101. Rb7 Rh5+ 102. Kd6 Kc4 103. Rb1 Rh6+ 104. Ke5 Rh5+ 105. Kf4 Rh4+ 106. Kg5 Re4 107. Ra1 Kd5 108. Ra5+ Ke6 109. Ra6+ Ke5 110. Ra8 Rd4 111. Re8+ Kd6 112. Kf5 Rd5+ 113. Kf4 Rb5 114. Rd8+ Ke7 115. Rd1 Ke6 116. Ra1 Rb4+ 117. Ke3 Kd5 118. Ra5+ Kc4 119. Ra8 Rb5 120. Ke4 1/2-1/2

[Event "Late-Titled-Tuesday-Blitz-June-04-2024"]
[Site "Chess.com"]
[Date "2024.06.04"]
[Round "5"]
[White "SaraciNderim"]
[Black "crazy_but_lazy"]
[Result "0-1"]
[WhiteElo "2885"]
[BlackElo "2659"]
[TimeControl "180+1"]
[EndTime "14:57:39 PDT"]
[Termination "crazy_but_lazy won on time"]

1. b3 d5 2. Bb2 Bg4 3. d4 Nf6 4. Nd2 e6 5. Ngf3 Nbd7 6. h3 Bh5 7. e3 Be7 8. Bd3 c6 9. O-O O-O 10. Re1 a5 11. a3 Bg6 12. Bxg6 hxg6 13. c4 c5 14.
cxd5 Nxd5 15. Ne4 Qb6 16. Rc1 Rac8 17. Ne5 Nxe5 18. dxe5 Rfd8 19. Qc2 Qc6 20. a4 Nb4 21. Qc4 Nd3 22. Bc3 Nxe1 23. Bxe1 b6 24. Nc3 Rd7 25. Qb5 Qxb5 26. Nxb5 Rcd8 27. Nc3 f6 28. Kf1 f5 29. Ke2 Rd3 30. Rb1 R8d7 31. Nb5 R3d5 32. Bc3 Kf7 33. Na3 Bd8 34. Nc4 Bc7 35. f3 Rd3 36. Rc1 g5 37. g4 f4 38. e4 Kg6 39. Rc2 Rd1 40. Be1 Rb1 41. Rb2 Rxb2+ 42. Nxb2 Bxe5 43. Nc4 Bc7 44. h4 gxh4 45. Bxh4 Kf7 46. Be1 e5 47. Bc3 Ke6 48. Na3 g6 49. Nb5 Bb8 50. Kf2 Rh7 51. Kg2 Rd7 52. Kf2 Rd1 53. Na3 Rh1 54. Ke2 Rh2+ 55.
Ke1 Ra2 56. Nc4 Bc7 57. Bd2 Ra1+ 58. Ke2 Rh1 59. Be1 Rh2+ 60. Bf2 Rh1 61. Nd2 Rc1 62. Kd3 Rd1 63. Ke2 Rh1 64. Nc4 Kf6 65. Nd2 Ra1 66. Nc4 Ra2+ 67. Nd2 Ra1 68. Kd3 Rc1 69. Nc4 Ke6 70.
Nd2 Rh1 71. Ke2 Rh8 72. Nc4 Rd8 73. Na3 Kd7 74. Nb5 Kc6 75. Nc3 Rh8 76. Nd5 Bd8 77.
Be1 b5 78. axb5+ Kxb5 79. Bc3 Re8 80. Kd3 Rh8 81. Bxe5 Rh3 82. Ke2 g5 83. Bd6 Rh2+ 84.
Ke1 c4 85. bxc4+ Kxc4 86. Kf1 a4 87. Kg1 Rd2 88. Kf1 Rxd5 89. exd5 Kxd5 90. Ba3 Kc4 91. Ke2 Kb3 92. Bc5 Ba5 93. Kd3 Bb4 94. Bd4 a3 95.
Bf6 a2 96. Be5 Ba3 97. Bxf4 a1=Q 98. Be5 Qxe5 0-1